 Dungeon Crawl Stone Soup version 0.32-a0-893-gf85d74f360 (webtiles) character file.

Game seed: 3231446710784606334

373 PriceMaster the Gusty (level 6, -3/32 HPs)
             Began as a Tengu Air Elementalist on Apr 3, 2024.
             Was a Follower of Beogh.
             Slain by a gnoll
             ... wielding a +0 spear
              (5 damage)
             ... on level 5 of the Dungeon.
             The game lasted 00:06:49 (4264 turns).

PriceMaster the Gusty (Tengu Air Elementalist)      Turns: 4264, Time: 00:06:49

Health: -3/32      AC:  6    Str:  8    XL:     6   Next: 72%
Magic:  4/14       EV: 11    Int: 18    God:    Beogh [*.....]
Gold:   186        SH:  0    Dex: 14    Spells: 6/12 levels left

rFire   + . .        o - +0 glaive (spect)
rCold   + + .        (shield currently unavailable)
rNeg    . . .        a - +1 robe
rPois   +            (helmet restricted)
rElec   +            d - +2 cloak
rCorr   +            (no gloves)
SInv    .            (boots unavailable)
Will    +....        (no amulet)
Stlth   ++           (no ring)
HPRegen 0.25/turn    (no ring)
MPRegen 0.14/turn

%: acrobat, clarity
@: mighty, brilliant, resistant, on berserk cooldown, enlightened, flying,
slowed, very slow
A: beak, talons 3, acrobatic, clarity, cold resistance 1, high MP 2
a: Renounce Religion


You were on level 5 of the Dungeon.
You worshipped Beogh.
Beogh was aware of your devotion.
You visited 1 branch of the dungeon, and saw 5 of its levels.

You collected 186 gold pieces.

Inventory:

Hand Weapons
 c - a +0 dagger
 o - a +0 spectral glaive (weapon)
Armour
 a - a +1 robe (worn)
 d - a +2 cloak (worn)
Wands
 j - a wand of roots (4)
Scrolls
 m - a scroll of revelation
Potions
 b - 2 potions of magic
 e - a potion of might
 h - a potion of berserk rage
 i - a potion of brilliance
 l - a potion of enlightenment


   Skills:
 + Level 2.5 Dodging
 + Level 3.1 Stealth
 + Level 0.3 Unarmed Combat
 + Level 3.6 Spellcasting
 + Level 4.3 Conjurations
 + Level 6.4 Air Magic


You had 6 spell levels left.
You knew the following spells:

 Your Spells              Type           Power      Damage    Failure   Level
a - Shock                 Conj/Air       100%       1d9       1%          1
b - Swiftness             Air            39%        N/A       3%          3
c - Static Discharge      Conj/Air       66%        3-6/arc   2%          2

Your spell library contained the following spells:

 Spells                   Type           Power      Damage    Failure   Level
 Airstrike                Air            19%        2d(3-19)  11%         4
 Call Canine Familiar     Summ           4%         N/A       41%         3
 Sigil of Binding         Hex            4%         N/A       41%         3
 Dimensional Bullseye     Hex/Tloc       2%         N/A       83%         4


Dungeon Overview and Level Annotations

Branches:
Dungeon (5/15)             Temple (0/1) D:5

Altars:
Makhleb

Shops:
D:2 =   D:3 [


Innate Abilities, Weirdness & Mutations

You have a beak for a mouth.
You have claws for feet.
You can magically evade attacks while moving or waiting.
You possess an exceptional clarity of mind.
Your flesh is cold resistant. (rC+)
You have a considerably increased reservoir of magic. (+20% MP)


Message History

The hound is severely wounded.
Your +0 spectral glaive closely misses the hound.
The hound closely misses you. The hound bites you but does no damage.
The gnoll misses you.
You barely miss the hound. Your kick misses the hound.
The hound is severely wounded.
Your +0 spectral glaive closely misses the hound.
You hear the slow hiss of a very distant avalanche of sand.
The hound misses you. The gnoll closely misses you.
The hound barely misses you.
You miss the hound. Your kick misses the hound.
The hound is severely wounded.
Your +0 spectral glaive barely misses the hound.
The hound barely misses you. The gnoll completely misses you.
Unknown command.
You closely miss the hound. You claw the hound.
The hound is almost dead.
Your +0 spectral glaive hits the hound from afar!
You kill the hound!
Beogh accepts your kill.
The gnoll hits you from afar with a +0 spear.
* * * LOW HITPOINT WARNING * * *
Your Conjurations skill increases to level 4!
Your +0 spectral glaive disappears.
You are too berserk!
You are too berserk!
You feel a strong urge to attack something.
You are no longer berserk.
You are exhausted.
You feel yourself slow down.
It was a potion of brilliance.
You feel clever all of a sudden.
It was a potion of resistance.
You feel protected. The gnoll closely misses you. The gnoll barely misses you.
It was a potion of enlightenment.
You feel very buoyant.
You fly up into the air.
The gnoll hits you from afar with a +0 spear.
You die...

...... #. .# ##....## ..
..###.≈..≈.#
####.#...##.≈..≈.#
#.....##.##.≈..≈.#
.##......#.##.≈..≈.#
.........#.##.≈..≈†# .
......#...@##g≈..≈(# ..
#......<..).###(.###...
##..........g..).......
.........)..##(ß....ß....
.......#.....#.........##
.......#.....#....##...#
............##.......###
.......#...........###
......###.........##


You could see a gnoll.

Vanquished Creatures
  A bullfrog (D:4)
  A gnoll sergeant (D:5)
  A hound (D:5)
  A gnoll bouda (D:5)
  2 iguanas (D:4)
  3 gnolls (D:5)
  2 adders
  A dart slug (D:4)
  3 ribbon worms
  7 orcs
  3 endoplasms
  2 giant cockroaches
  4 goblins
  9 hobgoblins
  7 jackals
  8 kobolds
  2 quokkas (D:3)
  6 ball pythons
  6 bats
  2 frilled lizards
  4 rats
75 creatures vanquished.

Vanquished Creatures (others)
  An orc priest (D:3)
  An adder (D:3)
  An endoplasm (D:3)
3 creatures vanquished.

Grand Total: 78 creatures vanquished

Notes
Turn   | Place    | Note
-------+----------+-------------------------------------------
     0 | D:1      | PriceMaster the Tengu Air Elementalist began the quest for
                  | the Orb.
     0 | D:1      | Reached XP level 1. HP: 10/10 MP: 4/4
   390 | D:1      | Reached XP level 2. HP: 15/15 MP: 3/6
  1182 | D:2      | Reached skill level 5 in Air Magic
  1182 | D:2      | Reached XP level 3. HP: 19/19 MP: 2/7
  1875 | D:2      | Found Geybast's Jewellery Shoppe.
  1885 | D:2      | Gained mutation: You possess an exceptional clarity of
                  | mind. [potion of mutation]
  1885 | D:2      | Gained mutation: You have an increased reservoir of magic.
                  | (+10% MP) [potion of mutation]
  1885 | D:2      | Gained mutation: Your flesh is cold resistant. (rC+)
                  | [potion of mutation]
  1885 | D:2      | Gained mutation: You have a considerably increased
                  | reservoir of magic. (+20% MP) [potion of mutation]
  2650 | D:3      | Found Ugihoje Zawk's Antique Armour Emporium.
  2663 | D:3      | Became a worshipper of Beogh the Shepherd
  2681 | D:3      | Reached XP level 4. HP: 24/24 MP: 6/10
  3101 | D:3      | Found a burning altar of Makhleb.
  3298 | D:4      | Reached XP level 5. HP: 28/28 MP: 7/11
  3560 | D:4      | Learned a level 3 spell: Swiftness
  3563 | D:4      | Learned a level 2 spell: Static Discharge
  3988 | D:5      | Entered Level 5 of the Dungeon
  3998 | D:5      | Found a staircase to the Ecumenical Temple.
  4058 | D:4      | Upgraded the game from 0.32-a0-886-g41c5271027 to
                  | 0.32-a0-893-gf85d74f360
  4066 | D:5      | Reached * piety under Beogh
  4067 | D:5      | Reached XP level 6. HP: 32/32 MP: 6/14
  4129 | D:5      | Reached skill level 6 in Air Magic
  4258 | D:5      | HP: 1/48 [gnoll/+0 spear (6)]
  4264 | D:5      | Slain by a gnoll

Illustrated notes

Levels and vault maps discovered:
D:1:      psy_arrival_heroes, layout_loops_ring, item_on_display_a
D:2:      layout_basic, serial_shops, shop
D:3:      layout_rooms, old_standard_altar, lightli_temple_of_fire,
          serial_shops, nicolae_shop_waterfront, amcnicky_mini_corridor_feature,
          minmay_ruptured
D:4:      layout_rooms, dk_vineyard_2
D:5:      layout_cave_pools, temple_fountains, serial_gnoll_camp,
          gnoll_camp_mini_loothouse, grums_kennel, gnoll_camp_mini_shop,
          gnoll_camp_medium_01, gnoll_camp_medium_02, gnoll_camp_mini_basic,
          serial_shops, kennysheep_mini_moat,
          mainiacjoe_ossuary_entry_find_the_door, gammafunk_ghost_hive

Skill      XL: |  1  2  3  4  5  6 |
---------------+-------------------+-----
Air Magic      | 5 6 |  6.4
Conjurations   | 2 3 4 |  4.3
Stealth        | 3 |  3.1
Spellcasting   | 3 |  3.6
Dodging        | |  2.5
Unarmed Combat | |  0.3

Action                     |  1- 3 |  4- 6 || total
---------------------------+-------+-------++-------
  Melee: Unarmed           |    11 |       ||    11
         Peck              |     4 |     3 ||     7
         Kick              |     6 |     4 ||    10
         Dagger            |     5 |    11 ||    16
         Glaive            |       |    12 ||    12
   Cast: Shock             |    96 |    99 ||   195
         Swiftness         |       |     4 ||     4
         Static Discharge  |       |     2 ||     2
 Invoke: Convert to Beogh  |     1 |       ||     1
  Evoke: Wand              |       |     1 ||     1
    Use: Scroll            |     3 |     6 ||     9
         Potion            |     3 |     5 ||     8
   Stab: Sleeping          |     1 |       ||     1
 Armour: Robe              |    19 |    49 ||    68
  Dodge: Dodged            |    22 |    64 ||    86

Table legend: (Time is in decaauts)
 A = Elapsed time spent in this place.
 B = Non-inter-level travel time spent in this place.
 C = Inter-level travel time spent in this place.
 D = Time resting spent in this place.
 E = Time spent auto-exploring this place.
 F = Levels seen in this place.
 G = Mean time per level.
                   A        B        C        D        E       F      G
               +--------+--------+--------+--------+--------+-----+--------+
         Total |   4267 |   4184 |     83 |    312 |   3168 |   5 |  853.4 |
       Dungeon |   4267 |   4184 |     83 |    312 |   3168 |   5 |  853.4 |
               +--------+--------+--------+--------+--------+-----+--------+

Top non-repeatable levels by time:
     D:2: 1492 daAuts
     D:1: 1094 daAuts
     D:4: 851 daAuts
     D:3: 578 daAuts
     D:5: 251 daAuts
